 Dungeon Crawl Stone Soup version 0.31.0-11-ge490571c62 (webtiles) character file.

Game seed: 7549504324409832590

182707 LowOwl the Devastator (level 18, -9/119 HPs)
             Began as a Gargoyle Earth Elementalist on Jan 30, 2024.
             Was a High Priest of Vehumet.
             Mangled by a pharaoh ant (28 damage)
             ... on level 3 of the Spider Nest.
             The game lasted 01:16:24 (32653 turns).

LowOwl the Devastator (GrEE)                       Turns: 32653, Time: 01:16:25

Health: -9/119     AC: 28    Str: 13    XL:     18   Next: 35%
Magic:  44/44      EV: 13    Int: 23    God:    Vehumet [*****.]
Gold:   2403       SH:  8    Dex: 10    Spells: 19/44 levels left

rFire   . . .        R - staff of conjuration
rCold   . . .        H - +2 buckler
rNeg    + . .        Y - +1 robe {Will+}
rPois   ∞            o - +2 helmet
rElec   +            D - +2 cloak
rCorr   .            X - +2 pair of gloves
SInv    +            f - +2 pair of boots
Will    ++...        y - amulet of magic regeneration
Stlth   +++          S - ring of magical power
HPRegen 0.39/turn    d - ring of see invisible
MPRegen 0.69/turn

%: no passive effects
@: about to teleport, flying
A: sickness immunity, AC +13, big wings, negative energy resistance 1,
electricity resistance, torment resistance 1, petrification resistance
a: Renounce Religion


You were on level 3 of the Spider Nest.
You worshipped Vehumet.
Vehumet was extremely pleased with you.
You visited 5 branches of the dungeon, and saw 27 of its levels.
You also visited: Sewer and Ice Cave.

You collected 3062 gold pieces.
You spent 659 gold pieces at shops.

Inventory:

Armour
 f - a +2 pair of boots (worn)
 o - a +2 helmet (worn)
 D - a +2 cloak (worn)
 H - a +2 buckler (worn)
 K - a +0 cloak of cold resistance
 T - a +1 robe of positive energy
 U - a +2 robe of resistance
 X - a +2 pair of gloves (worn)
 Y - a +1 robe of willpower (worn)
Magical Staves
 R - a staff of conjuration (weapon)
Jewellery
 a - a +4 ring of protection
 d - a ring of see invisible (right hand)
 i - the ring "Soapi" {rN+ rCorr Stlth+}
   (You found it on level 1 of the Spider Nest)

   [ring of positive energy]

   rN+:       It protects you from negative energy.
   rCorr:     It protects you from acid and corrosion.
   Stlth+:    It makes you more stealthy.
 j - a +5 ring of evasion
 x - a ring of positive energy
 y - an amulet of magic regeneration (around neck)
 E - a ring of positive energy
 S - a ring of magical power (left hand)
Talismans
 M - a storm talisman
Wands
 k - a wand of roots (9)
 r - a wand of paralysis (33)
 s - a wand of flame (42)
 v - a wand of digging (8)
 w - a wand of mindburst (29)
 z - a wand of polymorph (12)
 G - a wand of acid (16)
Scrolls
 c - 3 scrolls of poison
 h - 4 scrolls of blinking
 n - 2 scrolls of enchant armour
 q - 2 scrolls of silence
 t - a scroll of teleportation
 A - a scroll of vulnerability
 F - 3 scrolls of fear
 I - 3 scrolls of immolation
 N - 9 scrolls of identify
 O - 4 scrolls of fog
Potions
 b - a potion of magic
 e - 14 potions of curing
 g - 8 potions of mutation
 l - 3 potions of attraction
 m - 3 potions of haste
 p - 2 potions of brilliance
 u - 3 potions of ambrosia
 B - 3 potions of berserk rage
 C - 3 potions of enlightenment
 J - 3 potions of lignification
 L - 4 potions of might
 Q - a potion of invisibility
 V - a potion of resistance
 W - 2 potions of heal wounds
Miscellaneous
 P - a lightning rod (4/4)
 Z - a phantom mirror


   Skills:
 + Level 15.0 Fighting
 - Level 5.0 Dodging
 - Level 7.0 Stealth
 + Level 10.9 Shields
 + Level 13.5 Spellcasting
 + Level 18.7 Conjurations
 - Level 5.0 Translocations
 + Level 11.6 Earth Magic
 - Level 7.9 Evocations


You had 19 spell levels left.
You knew the following spells:

 Your Spells              Type           Power      Damage    Failure   Level
a - Sandblast             Erth           100%       2d20      1%          1
b - Stone Arrow           Conj/Erth      100%       3d13      1%          3
c - Lee's Rapid Deconstr  Erth           31%        3d16*     1%          5
d - Iskenderun's Mystic   Conj/Tloc      81%        2d16      1%          4
e - Irradiate             Conj/Alch      36%        3d23      1%          5
f - Ozocubu's Refrigerat  Ice            7%         4d9       100%        7

Your spell library contained the following spells:

 Spells                   Type           Power      Damage    Failure   Level
 Lehudib's Crystal Spear  Conj/Erth      45%        10d11     16%         8
 Freeze                   Ice            60%        1d7       1%          1
 Kiss of Death            Conj/Necr      100%       2d13      1%          1
 Blink                    Tloc           76%        N/A       1%          2
 Lesser Beckoning         Tloc           76%        N/A       1%          2
 Momentum Strike          Conj/Tloc      100%       3d10      1%          2
 Static Discharge         Conj/Air       100%       3-8/arc   1%          2
 Hailstorm                Conj/Ice       73%        3d13      1%          3
 Passwall                 Erth           62%        N/A       1%          3
 Volatile Blastmotes      Fire/Tloc      54%        2d14      1%          3
 Brom's Barrelling Bould  Conj/Erth      91%        2d10      1%          4
 Fulminant Prism          Conj/Alch      36%        3d17      1%          4
 Arcjolt                  Conj/Air       36%        1d46      1%          5
 Frozen Ramparts          Ice            30%        1d5       4%          3
 Inner Flame              Hex/Fire       15%        N/A       4%          3
 Petrify                  Alch/Erth      42%        N/A       4%          4
 Airstrike                Air            7%         2d(2-18)  13%         4
 Olgreb's Toxic Radiance  Alch           15%        N/A       13%         4
 Confusing Touch          Hex            15%        N/A       14%         3
 Summon Ice Beast         Ice/Summ       15%        N/A       14%         3
 Vhi's Electric Charge    Tloc/Air       54%        N/A       17%         4
 Dispel Undead            Necr           15%        3d10      43%         4
 Martyr's Knell           Necr/Summ      15%        N/A       43%         4
 Summon Lightning Spire   Summ/Air       15%        N/A       43%         4
 Death Channel            Necr           7%         N/A       100%        6
 Sculpt Simulacrum        Ice/Alch       7%         N/A       100%        6
 Discord                  Hex            7%         N/A       100%        8
 Ignition                 Fire           7%         3d5       100%        8
 Maxwell's Capacitive Co  Air            7%         ∞         100%        8
 Polar Vortex             Ice            7%         12d1*     100%        9
 Cigotuvi's Dreadful Rot  Necr/Alch/Air  Unusable   N/A       N/A         2

Dungeon Overview and Level Annotations

Branches:
Dungeon (15/15)            Temple (1/1) D:4            Lair (5/5) D:9
 Shoals (0/4) Lair:3       Spider (4/4) Lair:3        Slime (0/5) Lair:4
    Orc (2/2) D:10            Elf (0/3) Orc:2        Vaults (0/5) D:14
 Depths (0/4) D:15          Sewer (visited)           IceCv (visited)

Altars:
Ashenzari
Cheibriados
Dithmenos
Elyvilon
Fedhas
Gozag
Hepliaklqana
Kikubaaqudgha
Makhleb
Nemelex Xobeh
Okawaru
Qazlal
Ru
Sif Muna
Trog
Uskayaw
Vehumet
Wu Jian
Xom
Yredelemnul
Zin
The Shining One
Jiyva

Shops:
D:1 :   D:2 =   D:4 =   D:11 *   D:13 !   Orc:2 !=[(

Annotations:
D:11 3 runed translucent doors
Spider:3 Arachne


Innate Abilities, Weirdness & Mutations

You are immune to sickness and miasma.
Your stone body is resilient. (AC +13)
You are immune to poison.
Your large and strong wings let you fly.
You resist negative energy. (rN+)
You are resistant to electric shocks. (rElec)
You are resistant to unholy torment.
You are immune to petrification.


Message History

Arachne stares at you and mumbles some strange words.
The bolt of poison hits you but does no damage.
You resist.
The pharaoh ant attacks as it pursues you!
The pharaoh ant closely misses you.
Being near the torpor snail leaves you feeling lethargic.
The pharaoh ant bites you.
You feel yourself speed up.
The wolf spider attacks as it pursues you!
The wolf spider hits you but does no damage.
The wolf spider barely misses you. x2
The wolf spider bites you but does no damage.
Being near the torpor snail leaves you feeling lethargic.
You feel yourself speed up.
The wolf spider attacks as it pursues you!
The wolf spider hits you but does no damage.
You block the wolf spider's attack. The wolf spider barely misses you.
The wolf spider bites you.
Being near the torpor snail leaves you feeling lethargic.
Arachne hits you with a staff of alchemy!!
The wolf spider hits you! The wolf spider closely misses you.
You block the pharaoh ant's attack.
There is a stone staircase leading up here.
You block Arachne's attack. The wolf spider closely misses you.
You block the wolf spider's attack. The pharaoh ant barely misses you.
Arachne hits you with a staff of alchemy!
* * * LOW HITPOINT WARNING * * *
The wolf spider hits you but does no damage.
The wolf spider barely misses you. The pharaoh ant bites you.
* * * LOW HITPOINT WARNING * * *
You fly upwards.
You feel yourself speed up.
There is a stone staircase leading down here.
As you read the scroll of teleportation, it crumbles to dust.
You feel strangely unstable. Arachne hits you but does no damage.
The wolf spider hits you!
* * * LOW HITPOINT WARNING * * *
The wolf spider bites you but does no damage.
The pharaoh ant bites you!!
You die...

#.^......#..#
###.#...^.....#
###......^......#
#...>..#..^.....#
#....#.#..#.#...#
#...####.......##
##...#.####.....#
.#...#...###...s##
^....#.....#...B@#
^..#.#.....#...H##
......^..........#
.......###^..^####
#..[..<..##..##
......<...#..####
.....)...######.###
...[..#########...#
.......^###.#....##


You could see Arachne, a wolf spider and a pharaoh ant.

Vanquished Creatures
  Rupert (D:12)
  Jorgrun (Orc:1)
  Mlioglotl (Spider:1)
  4 emperor scorpions
  4 ghost moths
  2 broodmothers (Spider:2)
  A dire elephant (Lair:1)
  The ghost of Laqueoixx the Martial Artist, a journeyman OpSh of Ashenzari (Lair:5)
  Snorg (Orc:2)
  A spark wasp (Spider:2)
  Josephine (Orc:2)
  3 entropy weavers
  2 hydras
  4 vault guards (D:14)
  4 ogre magi
  8 two-headed ogres
  A jorogumo (Spider:4)
  3 radroaches
  3 boulder beetles
  2 centaur warriors (D:10)
  3 orc high priests (Orc:2)
  3 tengu warriors
  11 demonic crawlers
  Urug (Orc:1)
  A deep elf knight (D:14)
  Sonja (Orc:1)
  3 pharaoh ants
  Lodul (D:13)
  2 sun moths
  A glowing orange brain (D:15)
  10 orb spiders
  A deep elf archer (D:14)
  A bog body (IceCv)
  2 lindwurms
  A necromancer (IceCv)
  2 harpies (shapeshifter) (D:15)
  13 wolf spiders
  6 orc knights
  9 steelbarb worms
  10 ugly things
  5 moths of wrath
  2 cyclopes (D:12)
  4 orc sorcerers
  3 manticores
  3 meliai (Spider:3)
  7 elephants
  3 black mambas
  3 gargoyles
  3 kobold blastminers
  2 ice statues (IceCv)
  A torpor snail (shapeshifter) (D:15)
  8 torpor snails
  Jeremiah (Lair:1)
  9 cane toads
  12 komodo dragons
  3 kobold demonologists (D:10)
  3 yaktaurs
  5 anaconda simulacra (IceCv)
  5 rime drakes
  An efreet (D:10)
  5 ice devils (IceCv)
  A freezing wraith (D:14)
  6 trolls
  3 polar bears
  19 hornets
  9 blink frogs
  31 tarantellas
  12 dream sheep
  A snapping turtle (Lair:3)
  34 jumping spiders
  19 spriggans (Lair:5)
  Sigmund (D:2)
  2 shadows
  6 wraiths
  13 culicivoras
  13 slime creatures
  A vampire (D:9)
  28 yaks
  9 wyverns
  3 dire elephant simulacra (IceCv)
  A water elemental (Lair:3)
  5 wargs
  Eustachio (D:6)
  51 redbacks
  8 basilisks
  8 vampire mosquitoes
  3 steam dragons
  3 two-headed ogre zombies (D:10)
  A harpy simulacrum (IceCv)
  2 acid dragons
  13 water moccasins
  A hydra simulacrum (IceCv)
  12 orc warriors
  6 black bears
  An ice beast (D:5)
  2 sky beasts
  5 boggarts (Lair:5)
  8 centaurs
  34 wolves
  12 ogres
  2 phantoms (D:5)
  4 kobold brigands
  6 bullfrogs
  4 gnoll sergeants
  A cane toad simulacrum (IceCv)
  8 scorpions
  A two-headed ogre simulacrum (IceCv)
  5 wights (D:7)
  9 killer bees (D:10)
  A troll zombie (D:10)
  2 elephant simulacra (IceCv)
  8 electric eels
  5 howler monkeys
  2 bombardier beetles
  A jelly (D:6)
  3 hounds
  14 orc priests
  2 gnoll boudas
  Jessica (D:2)
  Ijyb (D:5)
  2 iguanas
  2 sleepcaps
  Natasha (thrice) (D:2)
  18 orc wizards
  9 hell rats
  4 ogre zombies (D:10)
  21 gnolls
  A naga simulacrum (IceCv)
  9 adders
  2 river rats (Sewer)
  13 white imps
  2 ufetubi (D:7)
  4 dart slugs
  7 ribbon worms
  61 orcs
  5 ball pythons
  4 bats
  7 endoplasms
  4 giant cockroaches
  3 gnoll zombies (D:10)
  11 goblins
  15 hobgoblins
  3 jackals (D:1)
  4 quokkas
  4 frilled lizards
  7 gnoll skeletons (D:10)
  20 kobolds
  2 orc skeletons (D:10)
  13 orc zombies (D:10)
  9 rats
955 creatures vanquished.

Vanquished Creatures (others)
  An unseen horror (D:10)
  A redback (Spider:3)
  2 orc wizards (Orc:2)
  2 starspawn tentacles (Spider:1)
6 creatures vanquished.

Grand Total: 961 creatures vanquished

Notes
Turn   | Place    | Note
-------+----------+-------------------------------------------
     0 | D:1      | LowOwl the Gargoyle Earth Elementalist began the quest for
                  | the Orb.
     0 | D:1      | Reached XP level 1. HP: 10/10 MP: 3/3
   374 | D:1      | Reached XP level 2. HP: 15/15 MP: 3/5
   470 | D:1      | Found Unkocs's Book Shoppe.
   815 | D:2      | Noticed Jessica
   817 | D:2      | Killed Jessica
   818 | D:2      | Reached skill level 2 in Conjurations
   818 | D:2      | Reached XP level 3. HP: 19/19 MP: 4/6
   854 | D:2      | Noticed Natasha
   870 | D:2      | Killed Natasha
   871 | D:2      | Reached XP level 4. HP: 23/24 MP: 2/8
   966 | D:2      | Noticed Natasha
   970 | D:2      | Killed Natasha
  1006 | D:2      | Noticed Sigmund
  1036 | D:2      | Learned a level 3 spell: Stone Arrow
  1072 | D:2      | Noticed Natasha
  1073 | D:2      | Killed Natasha
  1074 | D:2      | Reached skill level 3 in Conjurations
  1074 | D:2      | Reached XP level 5. HP: 28/28 MP: 7/9
  1089 | D:2      | Killed Sigmund
  1090 | D:2      | Reached skill level 5 in Earth Magic
  1090 | D:2      | Reached XP level 6. HP: 32/32 MP: 3/11
  1177 | D:2      | Found Byfrym's Jewellery Emporium.
  1608 | D:3      | Found a glowing drain.
  1663 | Sewer    | Entered a sewer
  1669 | Sewer    | Reached skill level 4 in Conjurations
  2139 | Sewer    | Reached XP level 7. HP: 36/36 MP: 7/13
  2698 | D:3      | Identified the +0 pair of boots of Ynisips {Harm Rampage
                  | rF- Dex-5}
  3370 | D:4      | Found Eseitih's Jewellery Shoppe.
  3963 | D:4      | Found a staircase to the Ecumenical Temple.
  4060 | Temple   | Entered the Ecumenical Temple
  4066 | Temple   | Became a worshipper of Vehumet
  4386 | D:4      | Reached skill level 1 in Fighting
  4445 | D:5      | Entered Level 5 of the Dungeon
  4676 | D:4      | Reached skill level 5 in Conjurations
  4767 | D:5      | Reached XP level 8. HP: 33/44 MP: 5/15
  4876 | D:5      | Found a shimmering altar of Xom.
  4902 | D:5      | Reached * piety under Vehumet
  4902 | D:5      | Offered knowledge of Freeze by Vehumet.
  4951 | D:5      | Found an iron altar of Okawaru.
  5028 | D:5      | Noticed Ijyb
  5031 | D:5      | Killed Ijyb
  5088 | D:5      | Reached skill level 5 in Spellcasting
  5242 | D:5      | Found a snail-covered altar of Cheibriados.
  5630 | D:6      | Reached skill level 6 in Conjurations
  5746 | D:6      | Found a hazy altar of Hepliaklqana.
  5748 | D:6      | Found a transporter.
  5779 | D:6      | Found a transporter.
  5794 | D:6      | Reached XP level 9. HP: 52/52 MP: 15/17
  5834 | D:6      | Noticed Eustachio
  5854 | D:6      | Killed Eustachio
  5855 | D:6      | Reached skill level 5 in Stealth
  5996 | D:6      | Offered knowledge of Mercury Vapours by Vehumet.
  6147 | D:6      | Found a burning altar of Makhleb.
  6281 | D:6      | Reached ** piety under Vehumet
  6282 | D:6      | Reached skill level 1 in Translocations
  6524 | D:7      | Reached skill level 7 in Conjurations
  6821 | D:7      | Reached skill level 5 in Fighting
  7201 | D:8      | Reached skill level 8 in Conjurations
  7201 | D:8      | Reached XP level 10. HP: 59/59 MP: 15/19
  7212 | D:8      | Offered knowledge of Scorch by Vehumet.
  7224 | D:8      | Reached skill level 1 in Shields
  7529 | D:8      | Found a sparkling altar of Nemelex Xobeh.
  8068 | D:9      | Found a staircase to the Lair.
  8068 | D:9      | Noticed an elephant
  8106 | D:9      | Reached *** piety under Vehumet
  8516 | D:9      | Killed an elephant
  8845 | D:9      | Reached skill level 9 in Conjurations
  8914 | D:9      | Noticed a tengu warrior
  8920 | D:9      | Killed a tengu warrior
  9045 | D:9      | Reached XP level 11. HP: 37/66 MP: 18/21
  9053 | D:9      | Offered knowledge of Flame Wave by Vehumet.
  9293 | D:10     | Entered Level 10 of the Dungeon
  9306 | D:10     | Noticed a sixfirhy
  9355 | Lair:1   | Entered Level 1 of the Lair of Beasts
  9437 | Lair:1   | Reached skill level 10 in Conjurations
  9785 | Lair:1   | Reached skill level 10 in Earth Magic
  9843 | Lair:1   | Noticed Jeremiah
  9844 | Lair:1   | Found a frozen archway.
  9855 | Lair:1   | Reached **** piety under Vehumet
  9864 | Lair:1   | Offered knowledge of Lee's Rapid Deconstruction by Vehumet.
  9878 | Lair:1   | Killed Jeremiah
  9892 | IceCv    | Entered an ice cave
  9946 | IceCv    | Reached skill level 5 in Shields
 10376 | IceCv    | Reached skill level 5 in Translocations
 10381 | IceCv    | Reached skill level 11 in Conjurations
 10602 | IceCv    | Reached XP level 12. HP: 73/73 MP: 11/23
 11674 | Lair:1   | Noticed a dire elephant
 11694 | Lair:1   | Found a runed translucent door.
 11757 | Lair:1   | Reached skill level 12 in Conjurations
 11877 | Lair:1   | Killed a dire elephant
 11945 | Lair:1   | Identified the +7 long sword of Amorality {holy, rPois rF-
                  | rC+ SInv}
 11955 | Lair:1   | Learned a level 5 spell: Lee's Rapid Deconstruction
 12058 | Lair:2   | Noticed a four-headed hydra
 12064 | Lair:2   | Killed a four-headed hydra
 12532 | Lair:2   | Reached skill level 13 in Conjurations
 12651 | Lair:2   | Reached XP level 13. HP: 80/80 MP: 25/25
 12742 | Lair:2   | Reached ***** piety under Vehumet
 12859 | Lair:2   | Offered knowledge of Ignite Poison by Vehumet.
 13135 | Lair:3   | Found a staircase to the Shoals.
 13694 | Lair:3   | Found a hole to the Spider Nest.
 14409 | D:10     | Found a staircase to the Orcish Mines.
 14860 | D:10     | Offered knowledge of Spellforged Servitor by Vehumet.
 14896 | D:10     | Reached skill level 10 in Fighting
 14896 | D:10     | Reached skill level 14 in Conjurations
 14913 | D:10     | Learned a level 4 spell: Iskenderun's Mystic Blast
 15350 | D:10     | Identified a scroll of acquirement
 15350 | D:10     | Acquired a staff of conjuration
 15354 | Orc:1    | Entered Level 1 of the Orcish Mines
 15464 | Orc:1    | Reached skill level 5 in Dodging
 15565 | Orc:2    | Entered Level 2 of the Orcish Mines
 15565 | Orc:2    | Noticed Snorg
 15573 | Orc:2    | Killed Snorg
 15574 | Orc:2    | Reached skill level 1 in Evocations
 15827 | Orc:2    | Found a staircase to the Elven Halls.
 15858 | Orc:2    | Noticed Josephine
 15885 | Orc:2    | Reached skill level 10 in Spellcasting
 15888 | Orc:2    | Killed Josephine
 15889 | Orc:2    | Gained mutation: Your large and strong wings let you fly.
                  | [Gargoyle growth]
 15889 | Orc:2    | Reached XP level 14. HP: 71/88 MP: 15/28
 15894 | Orc:2    | Reached skill level 15 in Conjurations
 16514 | Orc:2    | Paralysed by an ogre mage for 3 turns
 16761 | Orc:2    | Found Heotresi's Antique Weapon Shoppe.
 16761 | Orc:2    | Found Peotocs's Antique Armour Shop.
 16763 | Orc:2    | Found Jengukho's Jewellery Shoppe.
 16763 | Orc:2    | Found Lus Dimu's Distillery.
 16773 | Orc:2    | Bought 2 potions of curing for 90 gold pieces
 16773 | Orc:2    | Bought a potion of resistance for 150 gold pieces
 16773 | Orc:2    | Bought a potion of heal wounds for 75 gold pieces
 16773 | Orc:2    | Bought a potion of magic for 120 gold pieces
 17063 | Orc:2    | Bought a pair of gloves for 103 gold pieces
 17239 | Orc:1    | Noticed Sonja
 17242 | Orc:1    | Noticed Jorgrun
 17246 | Orc:1    | Killed Sonja
 17284 | Orc:1    | Noticed Urug
 17868 | Orc:1    | Killed Urug
 18036 | Orc:1    | Killed Jorgrun
 18037 | Orc:1    | Reached skill level 16 in Conjurations
 18432 | Lair:4   | Offered knowledge of Eringya's Noxious Bog by Vehumet.
 18552 | Lair:4   | Found a viscous altar of Jiyva.
 18553 | Lair:4   | Found a staircase to the Slime Pits.
 18648 | Lair:4   | Identified the +11 falchion "Peuch" {freeze, Will+}
 19362 | Lair:5   | Entered Level 5 of the Lair of Beasts
 19514 | Lair:5   | Noticed Laqueoixx's ghost (journeyman OpSh)
 19515 | Lair:5   | Found a transporter.
 19516 | Lair:5   | Found a bloodstained altar of Trog.
 19538 | Lair:5   | Found a transporter.
 19894 | Lair:5   | Offered knowledge of Bombard by Vehumet.
 20306 | Lair:5   | Reached XP level 15. HP: 96/96 MP: 26/30
 21230 | Lair:5   | Killed Laqueoixx's ghost
 21291 | Lair:5   | Reached XP level 16. HP: 103/103 MP: 31/31
 21873 | D:11     | Reached skill level 17 in Conjurations
 21953 | D:11     | Found Xiasenni's Mail-Order Catalogue.
 22004 | D:11     | Found a runed translucent gate.
 22005 | D:11     | Found a runed translucent gate.
 22006 | D:11     | Found a runed translucent gate.
 22838 | D:12     | Noticed Rupert
 22846 | D:12     | Killed Rupert
 23272 | D:12     | Offered knowledge of Freezing Cloud by Vehumet.
 23584 | D:13     | Found Weikh's Distillery.
 23592 | D:13     | Bought a potion of curing for 33 gold pieces
 23592 | D:13     | Bought a potion of curing for 33 gold pieces
 23592 | D:13     | Bought a potion of heal wounds for 55 gold pieces
 23742 | D:13     | Noticed Lodul
 23748 | D:13     | Killed Lodul
 24742 | D:14     | Found a gate to the Vaults.
 25045 | D:14     | Learned a level 5 spell: Irradiate
 25458 | D:14     | Reached skill level 5 in Evocations
 25915 | D:15     | Entered Level 15 of the Dungeon
 26186 | D:15     | Found a broken altar of Ashenzari.
 26475 | D:15     | Found a staircase to the Depths.
 27121 | Spider:1 | Entered Level 1 of the Spider Nest
 27233 | Spider:1 | Reached XP level 17. HP: 109/109 MP: 33/33
 27368 | Spider:1 | Offered knowledge of Orb of Destruction by Vehumet.
 27736 | Spider:1 | Identified the ring "Soapi" {rN+ rCorr Stlth+}
 28146 | Spider:1 | Noticed Mlioglotl
 28158 | Spider:1 | Noticed a tentacled starspawn
 28159 | Spider:1 | Killed Mlioglotl
 28768 | Spider:2 | Reached skill level 18 in Conjurations
 29424 | Spider:2 | Offered knowledge of Lehudib's Crystal Spear by Vehumet.
 29833 | Spider:2 | Reached skill level 10 in Shields
 30769 | Spider:3 | Reached XP level 18. HP: 98/117 MP: 35/35
 31902 | Spider:3 | Identified the +5 chain mail of the Desert {rC+ Str+4 Dex-4
                  | Slay+4}
 32115 | Spider:4 | Entered Level 4 of the Spider Nest
 32270 | Spider:4 | Learned a level 7 spell: Ozocubu's Refrigeration
 32307 | Spider:4 | Reached skill level 15 in Fighting
 32637 | Spider:4 | Noticed Arachne
 32653 | Spider:3 | Mangled by a pharaoh ant

Illustrated notes

Levels and vault maps discovered:
D:1:      dpeg_arrival_boxorama, layout_rooms, serial_shops, shop_fountains,
          corner_web_ring
D:2:      layout_rooms, serial_shops, nicolae_shop_gaudy_bauble, uniq_natasha,
          uniq_sigmund, uniq_jessica
D:3:      corexii_shack_village, layout_loops_corners,
          mainiacjoe_sewer_entry_somewhere_in_here_1, minmay_hedge_maze
D:4:      layout_basic, minmay_temple_entry_fiery, serial_shops,
          nicolae_shop_tiny_waterfront, interstate_on_off,
          minmay_goblin_kobold_house
D:5:      layout_cave_pools, kennysheep_slug_shrine,
          chequers_temple_overflow_statue_of_worship, minmay_door_square,
          uniq_ijyb
D:6:      gammafunk_steamed_eel, layout_gridville,
          mainiacjoe_overflow_large_starburst, uniq_eustachio
D:7:      layout_basic
D:8:      layout_basic, nemelex_xobeh_ov_fountains_minmay,
          nicolae_figureground_sparkle
D:9:      wad_cavern_with_rooms, layout_small_grid, david_lair_generic
D:10:     minmay_chambers_of_sevens, layout_loops_ring, zombieorc2_lemuel
D:11:     layout_basic, ploomutoo_gammafunk_ghost_potion_laboratory,
          monkooky_shop_mail_order
D:12:     layout_roguey, uniq_rupert
D:13:     layout_roguey, serial_shops, shop, uniq_lodul
D:14:     layout_roguey, grunt_vaults_entry_fortified, serial_curves,
          eino_curves_02, eino_curves_01, minmay_misc_feat_more_columns
D:15:     gammafunk_enter_depths_forms, layout_gridville, dk_noncrumbling_3,
          evilmike_ruin_ashenzari
Temple:   compressed_dpeg_triangle_lava_temple
Lair:1:   gammafunk_lair_enchanted_lake, layout_chaotic_city,
          portal_ice_cave_entry_imps, uniq_jeremiah
Lair:2:   layout_hall_layers
Lair:3:   layout_regular_city, minmay_shoals_entry_hut,
          spider_nest_entry_web_field, serial_bayou, serial_bayou_pond_d,
          serial_bayou_ford_a, serial_bayou_pond_b, serial_bayou_lagoon_b,
          infiniplex_staircase_pool
Lair:4:   layout_roguey, dpeg_slime_entry_enclosed, dreamdust_mushroom_princess
Lair:5:   minmay_lair_end_enchanted_forest, layout_small_grid,
          gammafunk_ghost_wrathful_warriors
Spider:1: layout_cave_pods, uniq_mlioglotl
Spider:2: spiders_nest_scorpion_pit
Spider:3: layout_spider_delve
Spider:4: johnstein_spider_rune_arachne_lair, nicolae_spider_nooks_and_crannies
Orc:1:    layout_caves, uniq_jorgrun, uniq_sonja, uniq_urug
Orc:2:    grunt_orc_tribal_feast, layout_caves, gauntlet_entry_generic,
          uniq_josephine, uniq_snorg

Skill      XL: |  1  2  3  4  5  6  7  8  9 10 11 12 13 14 15 16 17 18 |
---------------+-------------------------------------------------------+-----
Earth Magic    | 4 5 6 7 8 9 10 11 | 11.6
Conjurations   | 2 3 4 5 6 8 9 11 13 14 16 17 18 | 18.7
Spellcasting   | 3 4 5 6 7 8 10 11 12 13 | 13.5
Fighting       | 2 3 5 6 7 9 10 12 13 14 15 | 15.0
Stealth        | 3 4 5 6 7 |  7.0
Translocations | 2 3 5 |  5.0
Shields        | 3 5 6 8 10 | 10.9
Dodging        | 3 5 |  5.0
Evocations     | 1 2 3 5 7 |  7.9

Action                     |  1- 3 |  4- 6 |  7- 9 | 10-12 | 13-15 | 16-18 || total
---------------------------+-------+-------+-------+-------+-------+-------++-------
  Melee: Unarmed           |    16 |       |    11 |       |       |       ||    27
         Dagger            |       |    18 |    31 |    11 |       |       ||    60
         Staff             |       |       |       |       |    20 |    38 ||    58
   Cast: Sandblast         |    25 |    84 |   251 |   231 |   183 |     1 ||   775
         Stone Arrow       |       |       |     5 |   163 |   461 |   725 ||  1354
         Iskenderun's Myst |       |       |       |       |    40 |   190 ||   230
         Lee's Rapid Decon |       |       |       |       |       |     2 ||     2
         Irradiate         |       |       |       |       |       |     2 ||     2
    Use: Scroll            |     2 |     1 |    13 |     8 |     7 |     9 ||    40
         Potion            |       |       |       |     4 |     3 |     3 ||    10
   Stab: Confused          |       |       |     1 |       |       |       ||     1
 Armour: Robe              |    17 |    17 |    85 |   229 |   351 |   422 ||  1121
         Skin              |       |       |     5 |       |       |       ||     5
  Dodge: Dodged            |    25 |    37 |   163 |   223 |   282 |   234 ||   964
  Block: Buckler           |       |       |       |    27 |   112 |   166 ||   305
